Map: [ESL] Data-C

Players

herO - Winner!

  • Race: Protoss Protoss
  • Spawn Location: 3:00

LiquidClem (Clem)

  • Race: Terran Terran
  • League: Master
  • Spawn Location: 9:00

VOD

Have the link to the VOD?

Description

Time

  • Played on: Nov. 5, 2022, 8:58 a.m.
  • Length: 11:27
Show
View Real Time Build Order
Export as new Build Order

herO Protoss - Winner!

Build Orders: 1 Gate Expand, Archon Immortal 

Get SALT Encoding   

  12  0:00  Probe  
  13  0:12  Probe  
  14  0:18  Pylon  
  14  0:24  Probe  
  15  0:36  Probe  
  15  0:38  Gateway  
  16  0:48  Probe  
  17  1:08  Nexus  
  17  1:10  Probe  
  18  1:16  Assimilator  
  18  1:26  Cybernetics Core  
  18  1:28  Probe  
  19  1:34  Assimilator  
  19  1:41  Probe (Chrono Boost)  
  19  1:45  Pylon  
  20  1:52  Probe (Chrono Boost)  
  21  1:57  Probe (Chrono Boost)  
  21  2:00  Stalker (Chrono Boost)  
  22  2:07  Probe  
  25  2:09  Warp Gate (Chrono Boost)  
  25  2:19  Probe (Chrono Boost)  
  25  2:20  Probe (Chrono Boost)  
  27  2:22  Stalker  
  31  2:30  Probe (Chrono Boost)  
  31  2:31  Probe (Chrono Boost)  
  31  2:35  Probe x2 (Chrono Boost)  
  33  2:41  Robotics Facility  
  33  2:46  Probe x2  
  35  2:52  Stalker  
  35  2:58  Probe x2  
  39  3:05  Gateway  
  39  3:10  Gateway  
  39  3:13  Probe  
  39  3:14  Probe  
  41  3:21  Pylon  
  41  3:31  Probe x2  
  41  3:43  Probe x2  
  41  3:45  Observer (Chrono Boost)  
  39  3:50  Stalker  
  39  3:55  Probe x2  
  39  4:03  Warp Prism (Chrono Boost)  
  39  4:06  Nexus  
  39  4:08  Probe x2  
  43  4:17  Stalker  
  43  4:18  Stalker  
  43  4:22  Probe x2  
  49  4:26  Pylon  
  49  4:31  Assimilator  
  49  4:32  Observer  
  49  4:34  Probe x2  
  49  4:37  Assimilator  
  52  4:40  Pylon  
  52  4:47  Twilight Council  
  52  4:50  Probe x2  
  54  4:55  Immortal (Chrono Boost)  
  58  5:02  Probe x2  
  58  5:06  Sentry x2  
  64  5:14  Probe  
  64  5:15  Probe  
  64  5:18  Charge  
  66  5:21  Observer  
  66  5:26  Probe  
  66  5:27  Probe x2  
  69  5:29  Templar Archives  
  69  5:33  Gateway  
  69  5:39  Immortal, Probe x2  
  69  5:42  Probe  
  76  5:49  Gateway  
  76  5:52  Gateway  
  76  5:55  Pylon  
  76  5:57  Probe x2  
  78  5:59  Probe  
  78  6:01  Sentry x2  
  83  6:05  Zealot  
  83  6:07  Observer  
  83  6:08  Pylon  
  85  6:16  Probe x2, Pylon  
  85  6:17  Probe  
  88  6:21  Shield Battery  
  88  6:24  Shield Battery x2  
  88  6:25  Shield Battery, High Templar x2  
  88  6:31  Zealot  
  94  6:33  Immortal (Chrono Boost)  
  98  6:40  Pylon  
  98  6:49  Zealot x2  
  102  6:56  Archon, Psionic Storm  
  94  7:01  Zealot x4  
  94  7:03  Zealot x4  
  94  7:06  Warp Prism (Chrono Boost)  
  96  7:10  Probe x3  
  96  7:13  Assimilator x2  
  96  7:14  High Templar x2  
  101  7:23  Zealot x4  
  101  7:25  Probe  
  101  7:26  Probe  
  101  7:27  Probe  
  112  7:32  Pylon x2  
  112  7:38  Immortal  
  116  7:49  Forge  
  116  7:51  Probe  
  116  7:52  Probe x2  
  116  7:53  High Templar x2  
  116  7:55  Zealot x4  
  131  8:01  Pylon  
  131  8:04  Observer, Gateway  
  131  8:06  Gateway  
  131  8:11  Protoss Ground Weapons Level 1  
  131  8:13  Probe  
  131  8:14  Blink (Chrono Boost)  
  132  8:21  Pylon  
  132  8:28  Stalker x4  
  132  8:30  Pylon  
  132  8:31  Pylon  
  140  8:46  Archon  
  130  8:48  Zealot x2  
  130  8:49  Archon  
  130  8:55  Observer (Chrono Boost)  
  125  8:59  Probe x3  
  115  9:03  Zealot x3  
  115  9:04  Zealot  
  117  9:11  Observer  
  117  9:17  Stalker x2  
  117  9:22  Probe x3  
  117  9:24  Stalker x4  
  109  9:34  Probe x3, High Templar  
  109  9:35  High Templar  
  109  9:36  Immortal (Chrono Boost)  
  116  9:44  High Templar  
  116  9:45  Zealot  
  124  9:46  Probe  
  124  9:48  Zealot x2  
  129  9:56  Probe x2  
  129  9:58  Probe  
  132  10:00  High Templar  
  132  10:01  High Templar  
  132  10:06  Archon  
  136  10:07  High Templar x2  
  136  10:08  Zealot x2, Sentry  
  136  10:13  Archon  
  146  10:19  Nexus  
  146  10:22  Pylon  
  138  10:40  Archon  
  128  10:43  Zealot x2  
  128  10:44  Zealot x6  
  124  11:06  Zealot x8  
Show
View Real Time Build Order
Export as new Build Order

LiquidClem Terran 

Build Orders:  

Get SALT Encoding   

  12  0:00  SCV  
  13  0:12  SCV  
  14  0:16  Supply Depot  
  14  0:24  SCV  
  15  0:38  SCV  
  15  0:39  Barracks  
  16  0:45  Refinery  
  16  0:50  SCV  
  16  0:54  Refinery  
  17  1:02  SCV  
  18  1:14  SCV  
  19  1:26  Reaper  
  19  1:27  Orbital Command  
  19  1:28  Supply Depot  
  20  1:41  Factory  
  20  1:52  SCV  
  21  1:59  Barracks Reactor  
  21  2:04  SCV  
  22  2:18  Command Center  
  22  2:22  SCV  
  23  2:27  Hellion  
  25  2:35  Reaper x2  
  27  2:39  Supply Depot  
  27  2:40  SCV  
  28  2:48  Hellion  
  30  2:54  SCV  
  30  2:57  Barracks  
  31  3:06  SCV  
  31  3:08  Marine x2  
  31  3:11  Factory Tech Lab  
  34  3:18  SCV  
  35  3:23  Barracks  
  35  3:30  SCV  
  35  3:31  Orbital Command  
  36  3:41  Cyclone  
  37  3:42  SCV  
  37  3:43  Marine  
  37  3:45  Marine  
  39  3:50  Barracks Tech Lab  
  39  3:54  SCV  
  40  4:01  SCV, Marine  
  38  4:02  Marine  
  38  4:09  SCV  
  40  4:10  Bunker  
  40  4:11  Marauder  
  40  4:13  Siege Tank  
  40  4:15  SCV  
  40  4:17  Marine  
  46  4:22  Supply Depot, SCV  
  48  4:26  Marine x2  
  48  4:30  SCV  
  51  4:32  Stimpack  
  51  4:34  SCV  
  51  4:35  Marine  
  53  4:43  SCV  
  53  4:44  Marauder, Marine  
  57  4:46  Supply Depot, SCV  
  57  4:47  Marine  
  59  4:55  SCV, Starport  
  60  5:00  SCV  
  60  5:01  Marine  
  60  5:03  Combat Shield, Factory Reactor  
  62  5:07  Marine  
  62  5:08  SCV, Marauder  
  62  5:11  Supply Depot  
  62  5:13  SCV  
  66  5:15  Marauder  
  65  5:21  SCV  
  65  5:25  SCV  
  67  5:30  Engineering Bay  
  67  5:33  SCV  
  68  5:37  SCV, Marine x2  
  68  5:38  Refinery  
  71  5:44  Engineering Bay  
  71  5:45  SCV  
  71  5:47  Supply Depot  
  71  5:48  Medivac  
  71  5:49  Medivac  
  76  5:51  Factory Reactor  
  76  5:53  Marine x2  
  78  5:57  Terran Infantry Weapons Level 1  
  78  5:59  Refinery  
  78  6:08  SCV x2, Marauder x2  
  78  6:10  Supply Depot  
  84  6:14  Marine x2  
  83  6:20  SCV  
  83  6:22  Command Center  
  84  6:27  Medivac  
  84  6:32  Medivac  
  88  6:33  Supply Depot  
  88  6:34  Widow Mine  
  88  6:35  Widow Mine  
  88  6:38  Marine x2  
  94  6:51  Supply Depot  
  94  6:55  SCV x2, Marauder x2  
  94  7:01  Marine x2  
  92  7:06  Widow Mine x2  
  92  7:07  SCV x2  
  90  7:11  Medivac  
  90  7:12  Barracks  
  90  7:13  Medivac  
  90  7:14  Barracks  
  93  7:19  SCV x2, Marauder  
  97  7:24  Marauder  
  97  7:27  Marine  
  100  7:31  SCV, Widow Mine x2  
  100  7:35  Supply Depot  
  100  7:36  SCV  
  106  7:39  Orbital Command  
  106  7:43  SCV  
  107  7:45  Medivac  
  107  7:46  Medivac  
  107  7:48  Marine  
  107  7:49  Supply Depot, Marine  
  113  7:55  Terran Infantry Armor Level 1  
  113  8:01  Marauder x2  
  113  8:02  Ghost Academy  
  113  8:03  Barracks Reactor, Barracks Tech Lab  
  113  8:04  SCV  
  113  8:05  SCV  
  119  8:07  Concussive Shells  
  119  8:09  Widow Mine  
  119  8:10  Widow Mine  
  123  8:13  Supply Depot, SCV  
  123  8:15  Marine x2  
  123  8:17  SCV  
  127  8:22  Supply Depot, SCV  
  127  8:26  Marauder  
  127  8:27  Marauder x2  
  133  8:31  Viking  
  133  8:32  Viking  
  137  8:37  Supply Depot  
  135  8:41  Marine  
  135  8:46  Marine x2  
  135  8:47  Orbital Command  
  135  8:48  Marauder x3  
  131  8:49  Marine  
  122  8:58  Orbital Command  
  122  9:01  Marine  
  122  9:02  Widow Mine x2  
  121  9:04  Marine  
  121  9:07  Medivac  
  121  9:08  Marine  
  121  9:09  Marauder x2, Ghost  
  123  9:13  Marine  
  123  9:14  Orbital Command  
  120  9:18  Marine  
  120  9:20  SCV  
  120  9:23  Marine  
  117  9:24  SCV  
  114  9:32  SCV, Ghost  
  114  9:36  SCV  
  116  9:39  Ghost  
  116  9:42  SCV  
  116  9:44  SCV  
  120  9:48  SCV  
  120  9:49  Medivac  
  120  9:50  Medivac  
  125  9:53  Marine x3  
  125  9:54  Marine  
  125  9:56  SCV  
  125  9:57  SCV  
  131  10:00  SCV  
  131  10:01  Marine  
  131  10:05  Ghost  
  135  10:08  SCV  
  135  10:11  Supply Depot, Widow Mine x2  
  135  10:12  Marine x3  
  143  10:16  Refinery, SCV  
  144  10:22  Armory  
  144  10:26  Engineering Bay, Medivac  
  142  10:33  Ghost  
  133  10:37  Marine x2  
  133  10:40  Marine x2  
  133  10:42  Widow Mine x2  
  120  10:46  SCV, Marine  
  120  10:48  Marine  
  115  10:53  Medivac  
  115  10:56  Marine x2  
  103  10:58  SCV, Marine  
  103  10:59  SCV  
  103  11:01  Marine  
Tags
 
Add a new tag
Caveats
  • Supply blocks, unpowered buildings, or Contaminate may cause inaccurate times.
  • Supply counts are checked every 10 seconds.